 Dungeon Crawl Stone Soup version 0.25.0-11-g1f837a76a1 (webtiles) character file.

Game seed: 14868892121785436394

14 Esekla the Conjurer (level 2, -2/13 HPs)
             Began as a Vine Stalker Conjurer on June 26, 2020.
             Slain by a worm (11 damage)
             ... on level 2 of the Dungeon.
             The game lasted 00:04:47 (725 turns).

Esekla the Conjurer (Vine Stalker Conjurer)          Turns: 725, Time: 00:04:48

Health: -2/13      AC:  2    Str: 10    XL:     2   Next: 45%
Magic:  0/6        EV: 12    Int: 15    God:
Gold:   13         SH:  0    Dex: 14    Spells: 2/5 levels left

rFire    . . .     SeeInvis .   f - +0 dagger (venom)
rCold    . . .     Gourm    .   (no shield)
rNeg     . . .     Faith    .   a - +0 robe
rPois    .         Spirit   +   (no helmet)
rElec    .         Reflect  .   (no cloak)
rCorr    .         Harm     .   (no gloves)
MR       .....                  (no boots)
Stlth    ++........             (no amulet)
HPRegen  0.04/turn              (no ring)
MPRegen  0.10/turn              (no ring)

@: no status effects
A: fangs 2, magic shield, antimagic bite, no potion heal 3, rot immunity
a: no special abilities


You were on level 2 of the Dungeon.
You were not hungry.

You visited 1 branch of the dungeon, and saw 2 of its levels.

You collected 13 gold pieces.

Inventory:

Hand Weapons
 f - a +0 dagger of venom (weapon)
 h - a +0 spear
Armour
 a - a +0 robe (worn)
Scrolls
 e - 2 scrolls of identify {unknown}
 g - a scroll of fog {unknown}
 i - a scroll of blinking {unknown}
 j - a scroll of fear {unknown}
Potions
 b - a potion of flight {unknown}
 d - a potion of degeneration {unknown}
Comestibles
 c - 3 rations


   Skills:
 + Level 1.8 Dodging
 + Level 2.4 Stealth
 * Level 2.2 Spellcasting
 * Level 4.4 Conjurations


You had 2 spell levels left.
You knew the following spells:

 Your Spells              Type           Power        Failure   Level  Hunger
a - Magic Dart            Conj           ###.         3%          1    #......
e - Searing Ray           Conj           ###...       5%          2    ###....

Your spell library contained the following spells:

 Spells                   Type           Power        Failure   Level  Hunger
 Dazzling Flash           Conj/Hex       #.....       26%         3    ###....
 Fulminant Prism          Conj/Hex       #.........   65%         4    #####..
 Iskenderun's Mystic Bla  Conj/Tloc      #.......     65%         4    #####..


Dungeon Overview and Level Annotations

Branches:
Dungeon (2/15)

Altars:


Innate Abilities, Weirdness & Mutations

You have extremely sharp teeth.
When hurt, damage is shared between your health and your magic reserves.
Your bite disrupts and absorbs the magic of your enemies.
Potions cannot restore your health.
You are immune to rotting.


Message History

You kill the rat!
The searing ray misses the frilled lizard. (Press . to maintain the ray.)
The searing ray misses the frilled lizard.
The searing ray hits the worm.
The worm is moderately wounded.
The frilled lizard barely misses you.
The searing ray misses the frilled lizard.
The searing ray hits the worm.
The worm is severely wounded.
The frilled lizard misses you.
Without enough magic to sustain it, your searing ray dissipates.
The frilled lizard bites you but does no damage.
You barely miss the frilled lizard. The frilled lizard barely misses you.
You closely miss the frilled lizard. The frilled lizard bites you.
You barely miss the frilled lizard. You bite the frilled lizard.
You kill the frilled lizard!
The worm bites you!
Ouch! That really hurt!
You die...

#+# #.# #@#
###w##
#.<..#
#.....#
........#
##..........
#.......###
##....###
#....#


You could see a worm.

Vanquished Creatures
  A dart slug (D:1)
  2 bats (D:1)
  3 goblins (D:1)
  A kobold (D:2)
  A frilled lizard (D:2)
  5 rats
13 creatures vanquished.

Notes
Turn   | Place    | Note
-------+----------+-------------------------------------------
     0 | D:1      | Esekla the Vine Stalker Conjurer began the quest for the
                  | Orb.
     0 | D:1      | Reached XP level 1. HP: 9/9 MP: 4/4
   268 | D:1      | Reached XP level 2. HP: 13/13 MP: 6/6
   521 | D:1      | Learned a level 2 spell: Searing Ray
   725 | D:2      | Slain by a worm

Illustrated notes

Levels and vault maps discovered:
D:1:      matt_arrival_diagonals, layout_loops_ring
D:2:      layout_loops_corners, kennysheep_vampire_church,
          lemuel_coloured_pillars_altar, minmay_misc_feat_columns

Action                   || total
-------------------------++-------
Melee: Dagger            ||    14
       Bite              ||     2
 Cast: Magic Dart        ||    10
       Searing Ray       ||     1
Armor: Robe              ||     1
Dodge: Dodged            ||    14
